Map: Void Zone

Players

A.I. 7 (Hard)

  • Race: Terran Terran
  • Spawn Location: 5:00

A.I. 6 (Hard)

  • Race: Terran Terran
  • Spawn Location: 7:00

A.I. 5 (Medium)

  • Race: Zerg Zerg
  • Spawn Location: 5:00

A.I. 4 (Medium)

  • Race: Protoss Protoss
  • Spawn Location: 5:00

Farkwad - Winner!

  • Race: Zerg Zerg
  • Spawn Location: 1:00

TNF - Winner!

  • Race: Protoss Protoss
  • Spawn Location: 1:00

Raynar - Winner!

  • Race: Protoss Protoss
  • Spawn Location: 11:00

Throwfordays - Winner!

  • Race: Protoss Protoss
  • League: Silver
  • Spawn Location: 1:00

VOD

Have the link to the VOD?

Description

Time

  • Played on: April 25, 2019, 9:37 p.m.
  • Length: 13:48
Show
View Real Time Build Order
Export as new Build Order

A.I. 7 (Hard) Terran 

Build Orders: Mech 

Get SALT Encoding   

  12  0:01  SCV  
  13  0:13  SCV  
  14  0:20  Supply Depot  
  14  0:25  SCV  
  15  0:41  SCV  
  16  0:44  Barracks  
  16  0:49  Refinery  
  16  0:54  SCV  
  17  1:06  SCV  
  18  1:18  SCV  
  19  1:21  Supply Depot  
  19  1:30  Marine, SCV  
  21  1:42  Barracks  
  21  1:44  Orbital Command  
  21  1:48  Marine  
  21  1:51  Refinery  
  22  2:01  Factory  
  22  2:07  Barracks Tech Lab  
  22  2:25  Supply Depot  
  22  2:32  Marine  
  23  2:39  Marine  
  24  2:50  Marine  
  25  2:52  Hellion  
  25  2:56  Supply Depot  
  27  3:10  SCV  
  28  3:14  Hellion  
  30  3:22  SCV  
  30  3:24  Engineering Bay  
  31  3:34  SCV  
  31  3:35  Hellion  
  31  3:37  Supply Depot  
  34  3:46  SCV  
  35  3:56  Hellion  
  35  3:58  SCV  
  38  4:10  SCV  
  39  4:18  Hellion  
  41  4:39  Hellion  
  43  4:55  Barracks Tech Lab  
  43  4:57  Marauder  
  43  4:58  Terran Infantry Weapons Level 1  
  43  4:59  Factory  
  45  5:06  Starport  
  45  5:07  Widow Mine  
  45  5:10  Starport  
  45  5:13  Supply Depot, Combat Shield  
  39  5:17  Marine  
  39  5:19  Stimpack  
  33  5:27  Marine  
  34  5:29  Factory Tech Lab  
  34  5:37  Marine  
  35  5:44  Factory Tech Lab, Starport Tech Lab  
  35  5:47  Marine, Starport Tech Lab  
  33  5:52  Hellion  
  30  6:05  Command Center  
  30  6:06  Viking  
  32  6:17  Marauder  
  31  6:23  Viking  
  30  6:33  Marine  
  30  6:37  Viking  
  28  6:47  Marine, SCV  
  29  6:57  Siege Tank  
  29  6:59  SCV  
  33  7:07  Marine  
  34  7:11  SCV, Factory  
  35  7:18  Marine, SCV  
  37  7:24  SCV  
  37  7:29  Widow Mine  
  40  7:30  SCV  
  40  7:36  SCV  
  42  7:42  SCV  
  43  7:48  Banshee  
  46  7:51  SCV  
  46  7:55  SCV  
  48  8:03  SCV  
  48  8:04  Terran Infantry Armor Level 1  
  49  8:07  SCV  
  49  8:11  Marine  
  51  8:15  SCV  
  51  8:19  SCV  
  53  8:21  Marine  
  54  8:27  SCV  
  54  8:31  SCV  
  54  8:32  Marauder  
  58  8:40  SCV  
  59  8:42  Widow Mine  
  59  8:43  SCV  
  62  8:48  Raven  
  62  8:51  Banshee  
  62  8:52  SCV  
  68  8:58  Supply Depot  
  68  8:59  SCV  
  69  9:04  SCV  
  70  9:11  SCV  
  70  9:16  Missile Turret  
  70  9:18  Siege Tank  
  70  9:19  Missile Turret  
  70  9:23  Missile Turret  
  73  9:25  Hellion  
  73  9:31  Marine, Raven  
  62  9:37  Marine  
  59  9:38  Refinery  
  59  9:46  Siege Tank  
  59  9:48  Refinery, Marine  
  66  10:00  Siege Tank  
  66  10:02  Command Center  
  69  10:22  Marine  
  69  10:26  Medivac  
  69  10:28  Marine  
  73  10:32  Supply Depot  
  77  10:40  Marine  
  67  10:56  Viking  
  63  10:58  Marauder  
  33  11:57  Refinery  
  33  12:03  Supply Depot  
  33  12:06  Refinery  
  33  12:24  SCV  
  33  12:25  Command Center  
  33  12:28  SCV, Supply Depot  
  35  12:36  SCV  
  36  12:42  SCV  
  35  12:45  Barracks  
  35  12:48  SCV  
  20  13:01  SCV  
Show
View Real Time Build Order
Export as new Build Order

A.I. 6 (Hard) Terran 

Build Orders:  

Get SALT Encoding   

  12  0:01  SCV  
  13  0:13  SCV  
  14  0:20  Supply Depot  
  14  0:25  SCV  
  15  0:42  SCV  
  16  0:43  Barracks  
  16  0:51  Refinery  
  16  0:54  SCV  
  17  1:06  SCV  
  19  1:18  SCV  
  19  1:23  Supply Depot  
  19  1:31  Marine, SCV  
  21  1:43  Orbital Command, Barracks  
  21  1:50  Refinery, Barracks Tech Lab  
  21  2:07  Supply Depot  
  21  2:08  Marine  
  22  2:26  Marine  
  22  2:29  Marine  
  24  2:41  Supply Depot  
  24  2:44  Marine  
  25  2:47  Marine  
  26  3:01  Marine  
  26  3:05  Marine  
  28  3:14  Supply Depot  
  28  3:15  SCV  
  31  3:20  Marauder  
  31  3:22  Marine  
  32  3:27  SCV  
  32  3:30  Engineering Bay  
  33  3:39  SCV  
  33  3:40  Marine  
  35  3:44  Marauder  
  37  3:51  SCV  
  38  3:58  Marine  
  39  4:04  SCV  
  39  4:05  Marine  
  41  4:16  SCV  
  42  4:23  Marauder  
  44  4:45  Marauder  
  46  5:06  Marauder  
  48  5:39  SCV  
  48  6:12  Barracks Tech Lab  
  48  6:15  Terran Infantry Weapons Level 1  
  48  6:16  Factory  
  48  6:20  Factory  
  48  6:22  Command Center  
  48  6:25  Supply Depot  
  48  6:27  Missile Turret  
  48  6:29  Missile Turret  
  48  6:30  Combat Shield  
  48  6:32  Barracks  
  48  6:36  Stimpack  
  44  6:47  Marine  
  44  6:49  Bunker  
  44  6:55  Marine  
  44  7:00  Factory Tech Lab  
  45  7:05  Starport  
  45  7:09  Starport  
  45  7:10  Factory Tech Lab  
  45  7:19  Siege Tank  
  48  7:28  Siege Tank  
  51  7:35  SCV  
  53  7:37  SCV  
  53  7:45  Refinery  
  53  7:47  SCV  
  53  7:49  SCV, Concussive Shells, Missile Turret  
  48  7:51  Cyclone  
  48  7:52  Missile Turret  
  48  7:54  Refinery, Starport Tech Lab  
  48  7:55  Marine, Starport Tech Lab  
  42  7:59  SCV  
  42  8:01  SCV  
  42  8:03  Marine  
  45  8:09  Terran Infantry Armor Level 1  
  45  8:11  SCV  
  45  8:12  Marine, Raven  
  45  8:13  Sensor Tower, SCV  
  45  8:14  Raven  
  51  8:21  Marine  
  51  8:22  Bunker  
  51  8:24  SCV  
  51  8:25  SCV  
  52  8:27  Armory  
  52  8:30  Marauder  
  50  8:36  SCV  
  50  8:39  Marauder  
  43  8:43  Hellion  
  29  8:55  Viking  
  29  9:00  Marauder  
  30  9:08  Marine  
  27  9:16  Marine  
  6  9:50  SCV  
  2  10:02  SCV  
  2  10:14  SCV  
  3  10:26  SCV  
  4  10:39  SCV  
  5  10:51  SCV  
  6  11:10  Marine, SCV  
  8  11:12  Refinery  
  7  11:39  SCV  
  1  11:51  SCV  
  1  12:03  SCV  
Show
View Real Time Build Order
Export as new Build Order

A.I. 5 (Medium) Zerg 

Build Orders: 1 Base Baneling Bust, Pool First 

Get SALT Encoding   

  12  0:01  Drone  
  13  0:12  Overlord  
  13  0:17  Drone  
  14  0:30  Drone  
  14  0:33  Drone  
  16  0:43  Spawning Pool  
  16  0:45  Drone  
  16  0:49  Drone  
  17  0:52  Extractor  
  17  0:55  Drone  
  17  1:06  Overlord  
  17  1:31  Queen, Zergling x2  
  20  1:38  Roach Warren  
  20  1:39  Drone  
  20  1:40  Zergling x2, Extractor  
  20  1:49  Drone  
  21  2:00  Drone  
  22  2:10  Overlord  
  22  2:21  Roach  
  24  2:30  Baneling Nest  
  24  2:32  Drone  
  24  2:38  Drone, Roach  
  24  2:41  Drone  
  29  2:44  Drone  
  29  2:51  Ravager  
  30  2:55  Roach  
  32  3:05  Overlord  
  32  3:08  Ravager  
  32  3:09  Evolution Chamber  
  32  3:10  Drone  
  33  3:13  Roach  
  33  3:16  Drone  
  36  3:20  Drone  
  37  3:28  Drone  
  38  4:50  Lair  
  38  4:51  Roach, Drone, Overlord  
  41  4:53  Spore Crawler, Drone  
  41  4:55  Spore Crawler  
  41  4:56  Drone  
  41  4:59  Drone  
  42  5:04  Roach  
  42  5:11  Overlord  
  38  5:18  Zergling x2  
  33  5:23  Spine Crawler  
  33  5:25  Drone  
  33  5:31  Roach  
  33  5:32  Spine Crawler  
  33  5:33  Drone  
  35  5:44  Roach  
  35  5:47  Queen  
  35  5:49  Overseer  
  36  5:51  Overseer  
  36  5:52  Infestation Pit  
  36  5:55  Hydralisk Den  
  36  5:56  Drone  
  33  5:58  Roach  
  33  6:11  Zergling x2  
  34  6:14  Spire  
  34  6:16  Drone  
  32  6:24  Roach  
  32  6:25  Evolution Chamber  
  33  6:27  Drone  
  32  6:37  Roach  
  32  6:38  Hatchery  
  32  6:50  Roach  
  34  7:03  Roach  
  36  7:16  Infestor  
  38  7:29  Roach  
  40  7:42  Infestor  
  42  7:51  Drone  
  42  7:52  Queen  
  42  7:55  Drone  
  42  7:56  Hydralisk  
  48  7:58  Drone  
  48  8:03  Drone  
  50  8:06  Drone  
  50  8:09  Zergling x2, Drone, Overlord  
  50  8:12  Drone  
  54  8:14  Extractor, Drone  
  54  8:18  Drone  
  54  8:19  Spore Crawler  
  54  8:21  Drone  
  54  8:23  Spore Crawler  
  54  8:24  Drone  
  55  8:28  Drone  
  55  8:31  Drone  
  57  8:34  Drone  
  57  8:38  Drone  
  57  8:39  Overseer  
  59  8:43  Overlord  
  59  8:46  Drone  
  60  8:49  Spine Crawler  
  60  8:50  Drone  
  60  8:54  Drone, Spine Crawler  
  60  9:01  Drone  
  61  9:03  Overlord  
  61  9:06  Hydralisk  
  63  9:12  Pneumatized Carapace  
  63  9:17  Overseer  
  63  9:20  Zergling x2  
  63  9:28  Roach  
  65  9:35  Hydralisk  
  65  9:37  Overlord  
  67  9:40  Drone  
  67  9:42  Hydralisk  
  67  9:44  Drone  
  71  9:48  Zerg Melee Weapons Level 1, Drone  
  71  9:52  Drone  
  73  9:56  Zerg Ground Armor Level 1  
  73  10:05  Burrow  
  73  10:31  Overseer, Overlord  
  73  10:38  Infestor  
  67  10:46  Roach  
  67  10:49  Overseer  
  61  10:52  Overlord  
  61  10:53  Roach  
  61  10:54  Extractor  
  62  11:01  Roach  
  61  11:08  Roach  
  63  11:16  Roach  
  63  11:18  Drone, Hive  
  66  11:21  Drone  
  66  11:22  Infestor  
  63  11:30  Hydralisk  
  65  11:37  Hydralisk  
  67  11:45  Roach  
  69  11:53  Roach  
  71  11:58  Overseer, Overlord  
  63  12:02  Infestor  
  63  12:06  Queen  
  53  12:10  Hydralisk  
  44  12:18  Zergling x2  
  44  12:21  Overseer  
  36  12:24  Drone  
  36  12:27  Drone  
  38  12:30  Overlord  
  38  12:31  Overseer  
  38  12:33  Zergling x2  
  39  12:43  Spawning Pool  
  25  13:13  Overlord  
  16  13:24  Drone  
  16  13:25  Drone  
  5  13:28  Drone  
Show
View Real Time Build Order
Export as new Build Order

A.I. 4 (Medium) Protoss 

Build Orders:  

Get SALT Encoding   

  12  0:01  Probe  
  13  0:13  Probe  
  14  0:21  Pylon  
  14  0:25  Probe  
  15  0:35  Probe  
  16  0:43  Probe  
  16  0:49  Assimilator  
  17  0:52  Probe  
  17  0:53  Gateway  
  18  1:03  Pylon  
  18  1:31  Gateway  
  18  1:35  Assimilator  
  18  1:41  Zealot  
  18  1:46  Cybernetics Core  
  20  1:59  Zealot  
  22  2:12  Warp Gate  
  22  2:23  Pylon  
  22  2:24  Stalker  
  24  2:38  Stalker, Probe  
  27  2:50  Probe  
  28  2:54  Stalker  
  30  3:02  Probe  
  30  3:03  Pylon  
  31  3:08  Stalker  
  33  3:13  Forge  
  33  3:14  Probe  
  34  3:26  Probe  
  35  3:38  Probe  
  36  5:14  Sentry  
  36  5:16  Probe  
  36  5:19  Photon Cannon  
  39  5:22  Photon Cannon  
  39  5:25  Robotics Facility  
  39  5:28  Adept, Stargate, Probe  
  38  5:32  Pylon  
  30  5:36  Gateway  
  30  5:42  Sentry  
  31  5:49  Twilight Council  
  31  5:55  Sentry  
  27  6:05  Forge  
  27  6:09  Adept  
  29  6:12  Observer  
  30  6:23  Stalker  
  32  6:29  Pylon  
  32  6:33  Observer  
  32  6:36  Stalker  
  35  6:50  Stalker  
  37  7:04  Stalker  
  37  7:06  Nexus  
  39  7:17  Sentry  
  41  7:31  Sentry  
  43  7:45  Adept  
  45  7:53  Observer  
  45  7:58  Zealot  
  47  8:12  Zealot  
  49  8:20  Probe  
  49  8:22  Probe  
  51  8:30  Probe  
  51  8:32  Probe  
  53  8:41  Probe  
  53  8:44  Probe  
  55  8:48  Pylon  
  55  8:51  Assimilator  
  55  8:52  Pylon, Probe  
  55  8:53  Nexus  
  56  8:56  Assimilator, Probe  
  57  9:04  Probe  
  57  9:08  Probe  
  59  9:11  Stalker x2  
  59  9:14  Photon Cannon  
  59  9:15  Probe  
  60  9:20  Probe  
  60  9:23  Probe  
  61  9:28  Probe  
  61  9:31  Probe  
  62  9:36  Stalker, Probe  
  64  9:42  Probe  
  60  9:47  Probe  
  60  9:50  Stalker  
  63  9:53  Gateway  
  63  9:55  Probe  
  63  9:57  Robotics Facility  
  63  9:58  Adept  
  62  10:01  Observer, Stargate  
  62  10:06  Stalker  
  54  10:14  Adept  
  54  10:18  Warp Prism  
  56  10:22  Adept  
  60  10:31  Zealot  
  62  10:39  Adept  
  63  10:47  Stalker  
  64  10:54  Warp Prism  
  64  10:55  Stalker  
  66  11:03  Zealot  
  64  11:10  Stalker  
  62  11:12  Pylon  
  62  11:17  Zealot  
  64  11:25  Stalker  
  56  11:39  Zealot  
  46  11:46  Stalker  
  39  11:48  Probe  
  39  11:51  Probe  
  32  12:19  Pylon  
  32  12:28  Nexus  
  32  12:39  Probe  
  25  12:47  Probe  
  22  13:11  Probe  
  21  13:23  Probe  
  20  13:32  Probe  
  11  13:36  Probe  
Show
View Real Time Build Order
Export as new Build Order

Farkwad Zerg - Winner!

Build Orders: Pool First 

Get SALT Encoding   

  12  0:30  Drone  
  12  0:32  Drone  
  12  0:34  Overlord  
  14  0:41  Extractor  
  13  0:50  Spawning Pool  
  13  0:54  Drone  
  13  1:20  Drone  
  13  1:21  Drone  
  13  1:22  Drone  
  16  1:42  Queen  
  18  1:57  Spore Crawler  
  18  2:00  Zergling x4  
  18  2:01  Zergling x2  
  20  2:09  Spore Crawler  
  19  2:52  Lair  
  19  2:53  Hatchery  
  19  2:54  Drone x2  
  20  3:08  Drone x2  
  22  3:15  Spore Crawler  
  21  3:25  Baneling Nest  
  20  3:39  Spine Crawler  
  19  3:56  Spine Crawler  
  19  3:58  Drone x2  
  19  3:59  Drone  
  21  4:10  Drone  
  21  4:16  Extractor  
  21  4:30  Spine Crawler  
  20  4:35  Spine Crawler  
  20  4:37  Baneling x3  
  20  4:38  Baneling x3  
  19  4:44  Drone x4  
  23  4:50  Queen  
  22  5:23  Spine Crawler  
  22  5:28  Spine Crawler  
  20  5:34  Spine Crawler  
  19  5:39  Spine Crawler  
  18  6:03  Zergling x4  
  18  6:04  Zergling x8  
  24  6:14  Burrow  
  24  6:18  Metabolic Boost  
  24  6:20  Centrifical Hooks  
  24  6:30  Drone  
  24  6:31  Drone  
  26  6:53  Baneling x3  
  26  6:54  Baneling x2  
  26  6:55  Baneling x2  
  26  6:56  Baneling  
  26  7:30  Drone x2  
  28  7:39  Overlord x3  
  28  8:17  Spore Crawler  
  27  8:20  Zergling x4  
  27  8:21  Drone x2  
  27  8:22  Drone  
  32  8:28  Drone x2  
  32  8:29  Drone  
  35  8:36  Extractor  
  34  8:51  Spore Crawler  
  33  9:01  Spire  
  32  9:15  Infestation Pit  
  31  9:23  Spore Crawler  
  30  9:26  Drone  
  30  9:27  Drone x2  
  33  9:40  Pneumatized Carapace  
  33  9:50  Zergling x2  
  33  9:51  Zergling x4  
  36  10:25  Drone x2  
  36  10:26  Drone  
  39  10:29  Corruptor  
  39  10:30  Corruptor x2  
  45  10:48  Hive  
  45  10:51  Overlord  
  41  11:53  Extractor  
  40  11:56  Corruptor x3  
  46  12:12  Drone x2  
  46  12:13  Drone, Corruptor x2  
  53  12:50  Spore Crawler  
  52  12:55  Spore Crawler  
  51  13:03  Spine Crawler  
Show
View Real Time Build Order
Export as new Build Order

TNF Protoss - Winner!

Build Orders:  

Get SALT Encoding   

  12  0:02  Probe  
  13  0:14  Probe  
  14  0:26  Probe  
  15  0:37  Pylon  
  15  0:47  Assimilator  
  15  0:54  Assimilator  
  15  0:55  Probe  
  16  1:03  Forge  
  16  1:07  Probe  
  16  1:10  Gateway  
  17  1:30  Probe  
  18  1:43  Probe  
  19  1:55  Probe  
  20  2:06  Gateway  
  20  2:07  Probe  
  21  2:19  Pylon, Probe  
  22  2:23  Pylon  
  22  2:31  Probe  
  23  2:55  Zealot  
  23  2:56  Zealot  
  27  3:01  Nexus  
  27  3:10  Cybernetics Core  
  27  3:12  Protoss Shields Level 1  
  27  3:28  Assimilator  
  27  3:30  Assimilator  
  27  3:48  Stalker  
  29  3:49  Stalker  
  31  4:15  Adept  
  31  4:18  Probe  
  31  4:19  Adept  
  36  4:30  Probe  
  37  4:38  Zealot  
  37  4:42  Probe  
  40  4:49  Zealot  
  42  4:54  Probe  
  43  5:05  Adept  
  43  5:06  Probe  
  46  5:17  Zealot  
  46  5:18  Probe  
  46  5:20  Protoss Ground Weapons Level 1  
  45  5:35  Stalker  
  45  5:41  Stalker  
  39  5:58  Zealot  
  39  6:03  Adept  
  43  6:22  Sentry  
  43  6:26  Stargate  
  43  6:29  Protoss Air Weapons Level 1  
  45  6:34  Zealot, Robotics Facility  
  47  6:43  Probe  
  48  6:48  Zealot  
  50  6:55  Probe  
  53  7:01  Sentry  
  53  7:08  Probe  
  54  7:11  Pylon  
  54  7:29  Protoss Ground Armor Level 1, Stalker, Probe, Immortal  
  61  7:32  Pylon  
  61  7:34  Pylon  
  62  7:37  Pylon, Sentry  
  62  7:41  Probe  
  60  8:14  Photon Cannon  
  60  8:16  Photon Cannon  
  60  8:19  Photon Cannon  
  60  8:23  Shield Battery  
  60  8:26  Photon Cannon  
  60  8:30  Photon Cannon  
  60  8:37  Protoss Air Armor Level 1  
  60  8:45  Void Ray  
  64  8:57  Stargate  
  64  9:03  Fleet Beacon  
  64  9:06  Twilight Council  
  64  9:21  Pylon  
  64  9:24  Pylon  
  64  9:27  Robotics Bay  
  64  9:48  Tempest  
  69  9:54  Tempest  
  74  10:31  Warp Gate  
  74  10:39  Nexus  
  74  11:00  Protoss Shields Level 2  
  68  12:41  Tempest  
  68  12:43  Tempest  
  84  13:13  Zealot  
  84  13:16  Zealot  
Show
View Real Time Build Order
Export as new Build Order

Raynar Protoss - Winner!

Build Orders:  

Get SALT Encoding   

  1  0:00  Probe  
  13  0:07  Probe  
  14  0:18  Probe  
  15  0:23  Pylon  
  15  0:41  Probe  
  15  0:42  Gateway  
  16  0:49  Pylon  
  16  0:53  Probe  
  17  1:02  Probe  
  17  1:03  Assimilator  
  17  1:10  Probe  
  18  1:12  Assimilator  
  19  1:19  Probe  
  20  1:30  Forge  
  20  1:31  Probe  
  21  1:44  Zealot, Probe  
  24  1:53  Pylon  
  24  1:56  Protoss Ground Weapons Level 1, Probe  
  25  2:08  Probe  
  26  2:18  Cybernetics Core  
  26  2:20  Probe  
  26  2:21  Pylon  
  27  2:32  Probe  
  27  2:36  Zealot  
  30  2:44  Gateway, Probe  
  30  2:45  Warp Gate  
  30  2:50  Photon Cannon  
  31  3:03  Zealot  
  33  3:16  Pylon  
  33  3:18  Pylon  
  33  3:21  Pylon  
  33  3:30  Stalker  
  37  3:44  Sentry  
  37  3:49  Gateway  
  37  4:08  Probe  
  37  4:09  Nexus  
  38  4:17  Pylon  
  38  4:20  Probe  
  39  4:32  Probe  
  40  4:41  Stalker  
  40  4:43  Zealot  
  40  4:44  Probe  
  45  4:47  Stalker  
  47  4:55  Gateway  
  47  4:56  Photon Cannon, Probe  
  48  5:00  Shield Battery  
  48  5:08  Assimilator  
  48  5:10  Assimilator  
  48  5:16  Sentry  
  48  5:17  Sentry  
  48  5:19  Zealot  
  48  5:21  Probe  
  55  5:29  Probe  
  55  5:31  Probe  
  57  5:39  Probe  
  58  5:43  Twilight Council  
  58  5:45  Robotics Facility  
  58  5:46  Protoss Shields Level 1  
  58  5:51  Probe  
  59  5:59  Stalker x2  
  59  6:03  Probe  
  59  6:04  Pylon  
  64  6:13  Probe  
  64  6:15  Probe  
  66  6:19  Pylon  
  66  6:22  Charge  
  66  6:25  Probe  
  67  6:27  Probe  
  68  6:37  Probe  
  68  6:39  Probe  
  70  6:41  Immortal  
  74  6:48  Zealot x2  
  74  6:51  Probe  
  79  6:58  Gateway  
  79  7:17  Photon Cannon  
  79  7:22  Photon Cannon  
  79  7:25  Stalker x2  
  79  7:26  Photon Cannon  
  79  7:27  Zealot  
  85  7:30  Sentry  
  87  7:47  Protoss Ground Weapons Level 2  
  87  7:51  Immortal  
  87  7:56  Robotics Bay  
  91  8:02  Blink  
  91  8:03  Zealot  
  91  8:04  Zealot  
  87  8:50  Zealot  
  87  8:51  Zealot x4  
  79  9:29  Zealot x4  
  79  9:30  Zealot  
  59  10:05  Stalker  
  59  10:06  Stalker x4  
  69  10:09  Probe  
  69  10:12  Probe  
  71  10:14  Extended Thermal Lance  
  71  10:17  Gateway  
  71  10:19  Gateway  
  71  10:20  Gateway  
  72  10:21  Probe  
  72  10:23  Robotics Facility  
  72  10:24  Probe  
  72  10:26  Robotics Facility, Immortal  
  77  10:33  Probe  
  78  10:36  Probe  
  78  10:39  Zealot x3  
  78  10:40  Zealot  
  87  10:45  Probe  
  88  10:57  Probe  
  89  11:05  Immortal  
  89  11:06  Immortal  
  97  11:25  Zealot x3  
  103  12:06  Zealot x3  
  109  12:20  Pylon x2  
  109  12:24  Pylon  
  109  12:26  Pylon  
  109  12:40  Zealot  
  109  12:41  Zealot x6  
  109  12:42  Colossus, Zealot, Immortal  
  109  12:43  Immortal  
Show
View Real Time Build Order
Export as new Build Order

Throwfordays Protoss - Winner!

Build Orders: 1 Gate Expand 

Get SALT Encoding   

  12  0:01  Probe  
  13  0:13  Probe  
  14  0:19  Pylon  
  14  0:26  Probe  
  15  0:38  Probe  
  16  0:43  Gateway  
  16  0:47  Assimilator  
  16  0:50  Probe  
  17  1:02  Probe  
  18  1:15  Probe  
  19  1:26  Probe  
  19  1:29  Nexus  
  20  1:34  Probe  
  21  1:45  Cybernetics Core  
  21  1:52  Assimilator  
  21  1:56  Pylon  
  21  2:05  Probe  
  22  2:16  Warp Gate  
  22  2:17  Probe  
  22  2:19  Gateway  
  23  2:23  Robotics Facility  
  23  2:35  Pylon  
  23  2:38  Probe  
  24  2:46  Probe  
  25  2:55  Probe  
  26  3:00  Pylon  
  26  3:04  Probe  
  27  3:07  Probe  
  27  3:12  Immortal  
  28  3:16  Probe  
  28  3:19  Probe  
  34  3:30  Probe  
  34  3:31  Probe  
  36  3:39  Gateway  
  36  3:41  Probe  
  36  3:42  Probe  
  38  3:49  Probe  
  38  3:54  Probe  
  40  3:58  Probe, Immortal  
  45  4:10  Assimilator, Probe  
  45  4:14  Stalker x2  
  50  4:22  Pylon  
  50  4:29  Gateway  
  50  4:33  Immortal  
  50  4:35  Gateway  
  50  4:37  Stalker  
  56  4:48  Forge  
  56  4:55  Probe  
  57  5:00  Probe  
  58  5:10  Stalker  
  58  5:11  Stalker x2  
  58  5:12  Probe  
  61  5:24  Probe  
  61  5:27  Assimilator  
  62  6:16  Protoss Ground Weapons Level 1  
  62  6:19  Stalker x4  
  70  6:28  Pylon  
  70  6:30  Pylon  
  70  6:31  Pylon  
  70  6:34  Pylon  
  70  6:36  Pylon  
  70  6:46  Immortal  
  72  7:07  Probe  
  73  7:19  Probe  
  74  7:23  Robotics Facility  
  74  7:26  Pylon, Immortal  
  74  7:28  Robotics Facility  
  78  7:30  Twilight Council  
  78  7:31  Probe  
  74  8:14  Protoss Ground Weapons Level 2  
  74  8:19  Immortal x2  
  86  8:20  Immortal  
  86  8:21  Nexus  
  86  8:29  Blink, Robotics Bay  
  86  9:03  Sentry x2  
  90  9:18  Templar Archives, Extended Thermal Lance  
  90  9:19  Colossus x2  
  90  9:24  Nexus  
  102  9:26  Pylon  
  102  9:30  Assimilator  
  102  9:34  Probe  
  102  9:35  Assimilator  
  104  9:38  Probe  
  104  9:46  Probe  
  104  9:50  Probe  
  104  9:51  Assimilator  
  104  9:52  Probe  
  107  9:53  Assimilator  
  107  9:57  Pylon  
  107  9:59  Probe  
  108  10:00  Pylon, Colossus  
  108  10:02  Probe  
  108  10:03  Stalker x3  
  108  10:04  Pylon, Stalker x2, Probe  
  126  10:11  Probe  
  127  10:14  Probe  
  127  10:16  Probe  
  129  10:23  Probe  
  129  10:26  Probe  
  129  10:28  Probe  
  132  10:40  Probe  
  133  11:39  Probe  
  134  11:45  Probe  
  135  11:48  Probe  
  135  11:51  Probe  
  137  11:57  Probe  
  137  12:00  Probe  
  139  12:03  Probe  
  140  12:09  Probe  
  140  12:12  Probe  
  140  12:15  Probe  
  143  12:21  Probe  
  144  12:27  Probe  
  143  12:33  Probe  
  136  13:05  Stalker x3  
  156  13:06  Stalker x2  
  156  13:11  Probe  
  165  13:14  Probe  
  166  13:23  Probe  
  167  13:35  Probe  
Tags
 
Add a new tag
Caveats
  • Supply blocks, unpowered buildings, or Contaminate may cause inaccurate times.
  • Supply counts are checked every 10 seconds.